 Dungeon Crawl Stone Soup version 0.27.1-34-g3ba077fa99 (webtiles) character file.

Game seed: 14255816226911199623

3027 boopmooplesden the Basher (level 9, -9/78 HPs)
             Began as a Minotaur Fighter on Jan 4, 2022.
             Was an Elder of the Shining One.
             Splashed by Pikel's acid (15 damage)
             ... on level 7 of the Dungeon on Jan 5, 2022.
             The game lasted 00:10:24 (5470 turns).

boopmooplesden the Basher (Minotaur Fighter)        Turns: 5470, Time: 00:10:25

Health: -9/78      AC: 12    Str: 22    XL:     9   Next: 55%
Magic:  5/8        EV:  7    Int:  5    God:    the Shining One [****..]
Gold:   458        SH: 18    Dex: 12    Spells: 8/8 levels left

rFire    . . .     SeeInvis .   a - +1 flail
rCold    . . .     Faith    .   c - +1 kite shield
rNeg     + + .     Spirit   .   k - +0 chain mail
rPois    .         Reflect  .   (helmet restricted)
rElec    .         Harm     .   (no cloak)
rCorr    .         Rampage  .   (no gloves)
Will     .....                  s - +0 pair of boots
Stlth    ..........             j - amulet of regeneration
HPRegen  1.23/turn              (no ring)
MPRegen  0.11/turn              (no ring)

@: lethally poisoned (-9 -> -9), divinely shielded, glowing
A: horns 2, retaliatory headbutt
a: Renounce Religion, Divine Shield, Cleansing Flame


You were on level 7 of the Dungeon.
You worshipped the Shining One.
The Shining One was greatly pleased with you.
You visited 2 branches of the dungeon, and saw 8 of its levels.
You also visited: Ossuary.

You collected 574 gold pieces.
You donated 116 gold pieces to Zin.

Inventory:

Hand Weapons
 a - a +1 flail (weapon)
 l - a +0 dire flail
 w - a +1 spear of venom
Missiles
 f - 10 boomerangs (quivered)
Armour
 c - a +1 kite shield (worn)
 k - a +0 chain mail (worn)
 s - a +0 pair of boots (worn)
Jewellery
 b - an amulet of reflection
 j - an amulet of regeneration (around neck)
 n - a ring of protection from cold
 t - a ring of protection from fire
Scrolls
 p - 2 scrolls of teleportation
 u - a scroll of amnesia
 x - a scroll of blinking
 z - a scroll of identify
Potions
 d - 3 potions of might
 e - 4 potions of haste
 g - 3 potions of invisibility {unknown}
 h - a potion of degeneration {unknown}
 i - 3 potions of flight
 m - a potion of heal wounds {unknown}
 o - a potion of resistance {unknown}
 q - 2 potions of attraction {unknown}
 r - 2 potions of curing
 v - a potion of berserk rage {unknown}


   Skills:
 + Level 6.8 Fighting
 + Level 10.4 Maces & Flails
 + Level 2.0 Throwing
 + Level 7.8 Armour
 + Level 2.6 Dodging
 + Level 7.9 Shields
 + Level 0.5 Invocations


You had 8 spell levels left.
You didn't know any spells.
Your spell library contained the following spells:

 Spells                   Type           Power      Damage    Failure   Level
 Stone Arrow              Conj/Erth      0%         3d7       100%        3
 Bolt of Magma            Conj/Fire/Erth 0%         4d4       100%        5
 Shatter                  Erth           0%         3d5*      100%        9


Dungeon Overview and Level Annotations

Branches:
Dungeon (7/15)             Temple (1/1) D:5         Ossuary (visited)

Altars:
Cheibriados
Dithmenos
Elyvilon
Gozag
Hepliaklqana
Qazlal
Sif Muna
Trog
Zin
The Shining One

Shops:
D:2 (   D:5 =

Annotations:
D:7 Duvessa, Pikel


Innate Abilities, Weirdness & Mutations

You have a pair of horns on your head.
You reflexively headbutt those who attack you in melee.


Message History

You feel sick.
The killer bee stings you but does no damage.
You hit the killer bee. You headbutt the killer bee.
The killer bee is severely wounded.
You feel sick. The killer bee closely misses you. You furiously retaliate!
You headbutt the killer bee!
You kill the killer bee!
The killer bee stings you.
You are more poisoned.
The killer bee poisons you!
You sock the killer bee! Your headbutt misses the killer bee.
The killer bee is heavily wounded.
You feel sick. You block the killer bee's attack. x2
You hit the killer bee. Your headbutt misses the killer bee.
The killer bee is almost dead.
You feel sick. The killer bee stings you.
You are more poisoned.
The killer bee poisons you! You block the killer bee's attack.
You hit the killer bee but do no damage.
Your headbutt misses the killer bee.
The killer bee is almost dead.
You feel sick. The killer bee barely misses you.
You block the killer bee's attack.
Your shield is strengthened by the Shining One's divine power.
You hear the faint creaking of a very distant portcullis.
You feel sick. The killer bee closely misses you. You furiously retaliate!
You headbutt the killer bee!
You kill the killer bee!
You sock Pikel!
Pikel is moderately wounded.
You feel sick.
Pikel hits you with a +2 whip of electrocution.
Pikel zaps a wand.
The bolt of acid hits you!
You are splashed with acid!
* * * LOW HITPOINT WARNING * * *
You hit Pikel.
Pikel is moderately wounded.
You feel sick.
Pikel zaps a wand.
The bolt of acid hits you!
* * * LOW HITPOINT WARNING * * *
You are splashed with acid!
You die...

#### ####### ## ....
....... ..# #..##.......
..# #.....(..... ..#
############@# ..#
#........).#K#
..###.......)).#5###
...........>..)#55.##..
...........5............
..##...#.#.#y#####.####.
..####.#.).#..## .# ..#
#.....y#..###.. ###
###.#........#$.


You could see Pikel and 3 lemures.

Vanquished Creatures
  An unseen horror (D:6)
  A wraith (D:6)
  An acid dragon (D:6)
  2 black bears (D:6)
  2 ice beasts (D:6)
  4 necrophages
  4 ogres
  A phantom (D:5)
  4 scorpions
  Dowan (D:7)
  A water moccasin skeleton (D:6)
  8 wights
  3 killer bees (D:7)
  A jelly (D:4)
  3 hounds
  2 bullfrog skeletons
  An orc priest (D:4)
  3 iguanas
  An orc wizard (D:4)
  A killer bee zombie (D:6)
  A hound zombie (D:5)
  8 mummies (Ossuary)
  5 adders
  A howler monkey skeleton (D:6)
  2 ufetubi (D:5)
  A worm (D:2)
  4 dart slugs
  3 orcs
  11 ball pythons
  6 bats
  5 endoplasms
  2 giant cockroaches (D:1)
  2 gnoll zombies (Ossuary)
  6 goblins
  7 hobgoblins
  7 jackals (D:1)
  5 kobolds
  A quokka (D:2)
  4 frilled lizards
  4 kobold zombies (Ossuary)
  2 orc zombies (Ossuary)
  9 rats
141 creatures vanquished.

Notes
Turn   | Place    | Note
-------+----------+-------------------------------------------
     0 | D:1      | boopmooplesden the Minotaur Fighter began the quest for the
                  | Orb.
     0 | D:1      | Reached XP level 1. HP: 19/19 MP: 0/0
   171 | D:1      | Reached XP level 2. HP: 24/27 MP: 1/1
   549 | D:1      | Reached skill level 3 in Maces & Flails
   627 | D:1      | Reached XP level 3. HP: 31/33 MP: 2/2
   745 | D:1      | Found a faded altar of an unknown god.
   771 | D:1      | Became a worshipper of Zin the Law-Giver
   771 | D:1      | Reached * piety under Zin
  1145 | D:2      | Reached ** piety under Zin
  1387 | D:2      | Found Iranuwiz's Weapon Boutique.
  1460 | D:2      | Reached XP level 4. HP: 40/40 MP: 3/3
  1897 | D:3      | Reached skill level 1 in Dodging
  2411 | D:4      | Reached skill level 4 in Maces & Flails
  2453 | D:4      | Reached *** piety under Zin
  2462 | D:4      | Found a sand-covered staircase.
  2497 | Ossuary  | Entered an ossuary
  2501 | Ossuary  | Donated 69 gold pieces to Zin
  2506 | Ossuary  | Reached XP level 5. HP: 46/46 MP: 4/4
  2599 | Ossuary  | Reached **** piety under Zin
  2645 | Ossuary  | Reached ***** piety under Zin
  2865 | D:4      | Reached skill level 5 in Maces & Flails
  2870 | D:4      | Reached XP level 6. HP: 10/53 MP: 5/5
  2979 | D:4      | Reached skill level 5 in Shields
  3514 | D:5      | Entered Level 5 of the Dungeon
  3562 | D:5      | Found Dojuin's Jewellery Boutique.
  3578 | D:5      | Reached skill level 5 in Armour
  3725 | D:5      | Reached skill level 6 in Maces & Flails
  3743 | D:5      | Reached XP level 7. HP: 60/60 MP: 6/6
  3828 | D:5      | Found a staircase to the Ecumenical Temple.
  3842 | D:5      | Reached skill level 5 in Fighting
  3848 | Temple   | Entered the Ecumenical Temple
  3971 | Temple   | Fell from the grace of Zin
  3971 | Temple   | Became a worshipper of the Shining One
  3971 | Temple   | Reached * piety under the Shining One
  3971 | Temple   | Reached ** piety under the Shining One
  3971 | Temple   | Reached *** piety under the Shining One
  4051 | D:5      | Reached skill level 1 in Throwing
  4108 | D:5      | Reached skill level 7 in Maces & Flails
  4307 | D:5      | Reached XP level 8. HP: 68/68 MP: 7/7
  4402 | D:5      | Found an opulent altar of Gozag.
  4728 | D:6      | Reached skill level 8 in Maces & Flails
  4786 | D:6      | Reached **** piety under the Shining One
  4900 | D:6      | Reached skill level 9 in Maces & Flails
  5204 | D:6      | Reached XP level 9. HP: 69/75 MP: 8/8
  5222 | D:6      | Noticed an unseen horror
  5237 | D:6      | Killed an unseen horror
  5238 | D:6      | Reached skill level 10 in Maces & Flails
  5277 | D:6      | Identified the +2 helmet of the Realm of Zot {rF- Str+5}
  5389 | D:7      | Noticed Dowan
  5390 | D:7      | Noticed Duvessa
  5421 | D:7      | Killed Dowan
  5445 | D:7      | Noticed Pikel
  5470 | D:7      | Splashed by Pikel's acid

Illustrated notes

Levels and vault maps discovered:
D:1:      minmay_arrival_semitransparent, layout_basic,
          hellmonk_ecumenical_altar_inner_sanctum, minivault_27
D:2:      layout_basic, serial_shops, nicolae_diamond_shop
D:3:      layout_basic
D:4:      layout_basic, nicolae_ossuary_entry_false_entrances,
          minmay_misc_feat_more_columns
D:5:      layout_basic, nicolae_gozag_seed_capital, minmay_temple_entry_slanted,
          serial_shops, shop
D:6:      minmay_chambers_of_sixes, layout_rooms, kennysheep_generic_room_12
D:7:      layout_rooms, enter_bailey_7, uniq_pikel, uniq_duvessa
Temple:   minmay_temple_curvy_loop

Skill      XL: |  1  2  3  4  5  6  7  8  9 |
---------------+----------------------------+-----
Shields        | 4 5 6 7 |  7.9
Maces & Flails | 3 4 5 6 7 9 10 | 10.4
Fighting       | 4 5 6 |  6.8
Armour         | 4 5 6 7 |  7.8
Dodging        | 1 2 |  2.6
Throwing       | 1 2 |  2.0
Invocations    | |  0.5

Action                   |  1- 3 |  4- 6 |  7- 9 || total
-------------------------+-------+-------+-------++-------
Melee: Flail             |   118 |   113 |   184 ||   415
       Headbutt          |    21 |    25 |    35 ||    81
Throw: Boomerang         |       |     8 |     7 ||    15
Invok: Donate Gold       |       |     1 |       ||     1
       Divine Shield     |       |       |     2 ||     2
  Use: Scroll            |       |    11 |     2 ||    13
       Potion            |       |     1 |       ||     1
Armor: Scale mail        |    56 |    30 |       ||    86
       Chain mail        |       |    11 |    69 ||    80
Dodge: Dodged            |    44 |    22 |    52 ||   118
Block: Kite shield       |    70 |    69 |   123 ||   262
